 Dungeon Crawl Stone Soup version 0.23.2-33-g5129a83184 (webtiles) character file.

Game seed: 3217541231224186993

53 Sniff0nMe the Gusty (level 3, -1/27 HPs)
             Began as a Demigod Air Elementalist on July 20, 2019.
             Slain by an iguana (13 damage)
             ... on level 1 of the Dungeon.
             The game lasted 00:30:50 (1561 turns).

Sniff0nMe the Gusty (Demigod Air Elementalist)      Turns: 1561, Time: 00:30:51

Health: -1/27      AC:  3    Str: 11    XL:     3   Next: 41%
Magic:  7/9        EV: 12    Int: 21    God:
Gold:   65         SH:  0    Dex: 16    Spells: 6/7 levels left

rFire    . . .     SeeInvis .   f - +0 dagger (holy)
rCold    . . .     Gourm    .   (no shield)
rNeg     . . .     Faith    .   e - +0 leather armour
rPois    .         Spirit   .   (no helmet)
rElec    .         Reflect  .   (no cloak)
rCorr    .         Harm     .   (no gloves)
MR       .....                  (no boots)
Stlth    ++........             (no amulet)
HPRegen  0.09/turn              (no ring)
MPRegen  0.11/turn              (no ring)

@: no status effects
A: high mp 1
a: no special abilities


You were on level 1 of the Dungeon.
You were not hungry.

You visited 1 branch of the dungeon, and saw 2 of its levels.

You collected 65 gold pieces.

Inventory:

Hand Weapons
 f - a +0 dagger of holy wrath (weapon)
 r - a +0 short sword
Missiles
 d - 76 stones (quivered)
 j - 15 bolts
 o - 17 arrows
 x - 14 sling bullets
Armour
 e - a +0 leather armour (worn)
 t - a +0 leather armour
Jewellery
 s - an uncursed ring of positive energy {unknown}
Scrolls
 a - a scroll of teleportation {unknown}
 g - a scroll of identify {unknown}
 i - 2 scrolls of remove curse {unknown}
 k - 2 scrolls of amnesia {unknown}
 m - a scroll of enchant armour {unknown}
 v - a scroll of magic mapping {unknown}
 w - a scroll of blinking {unknown}
Potions
 b - a potion of resistance {unknown}
 h - a potion of ambrosia {unknown}
 l - a potion of magic {unknown}
 n - 2 potions of haste {unknown}
 p - 2 potions of invisibility {unknown}
 q - a potion of degeneration {unknown}
 u - a potion of flight {unknown}
Comestibles
 c - 2 rations


   Skills:
 + Level 0.4 Fighting
 + Level 0.5 Short Blades
 + Level 0.2 Armour
 + Level 2.0 Dodging
 + Level 1.8 Stealth
 + Level 2.6 Spellcasting
 + Level 1.2 Conjurations
 + Level 3.0 Air Magic


You had 6 spell levels left.
You knew the following spells:

 Your Spells              Type           Power        Failure   Level  Hunger
a - Shock                 Conj/Air       ##..         8%          1    None

Your spell library contained the following spells:

 Spells                   Type           Power        Failure   Level  Hunger
 Swiftness                Chrm/Air       #.......     16%         2    ##.....
 Static Discharge         Conj/Air       ##......     22%         3    ###....
 Airstrike                Air            ###.......   47%         4    ####...
 Lightning Bolt           Conj/Air       ##........   91%         5    ######.


Dungeon Overview and Level Annotations

Branches:
Dungeon (2/15)


Innate Abilities, Weirdness & Mutations

You have an increased reservoir of magic. (+10% MP)


Message History

The iguana closely misses you.
You climb upwards.
There is a stone staircase leading down here.
The iguana barely misses you. The iguana closely misses you.
The iguana hisses menacingly.
Casting: Shock (safe; 8% risk of failure)
Confirm with . or Enter, or press ? or * to list all spells.
Aiming: Shock (safe; 8% risk of failure)
Press: ? - help, Shift-Dir - straight line, f - iguana
Aim: an iguana The zap hits the iguana.
The iguana is moderately wounded.
Casting: Shock (safe; 8% risk of failure)
Confirm with . or Enter, or press ? or * to list all spells.
Aiming: Shock (safe; 8% risk of failure)
Press: ? - help, Shift-Dir - straight line, f/p - iguana
Aim: an iguana (moderately wounded)
The zap misses the iguana.
The iguana bites you!
You die...

# ###.#.#.#..# #.#.# #
#...#...#..######.#.# #
#.#.....#.........#.## #
#.#..##.##.######....# #
###'##[##.##.##........#
#....#..#.##.##.###.##.#
##....##................#
####.....##l............#.##
###........##@.###.###.#.##.#
####...###....##...##.#
#.#....# .#...###
##...##.#.##.# #.######
...#######..........#.# #...#
##..................#.# ###.#
##.#######..........#.#####.#
...# ##....#.#.......##.#
.###### #....#.##...##.##.#
......# #....#............#


You could see an iguana.

Vanquished Creatures
  2 adders (D:2)
  A leopard gecko (D:2)
  2 bats (D:1)
  2 giant cockroaches (D:2)
  7 goblins
  5 hobgoblins
  3 frilled lizards (D:1)
  6 kobolds
  5 rats
33 creatures vanquished.

Notes
Turn   | Place    | Note
-------+----------+-------------------------------------------
     0 | D:1      | Sniff0nMe the Demigod Air Elementalist began the quest for
                  | the Orb.
     0 | D:1      | Reached XP level 1. HP: 14/14 MP: 5/5
   329 | D:1      | Reached XP level 2. HP: 20/20 MP: 0/7
   460 | D:1      | Reached skill level 1 in Conjurations
  1087 | D:2      | Reached XP level 3. HP: 11/27 MP: 5/9
  1447 | D:2      | Reached skill level 3 in Air Magic
  1561 | D:1      | Slain by an iguana

Skill      XL: |  1  2  3 |
---------------+----------+-----
Spellcasting   | 2 |  2.6
Dodging        | 2 |  2.0
Conjurations   | 1 |  1.2
Air Magic      | 3 |  3.0
Fighting       | |  0.4
Short Blades   | |  0.5
Armour         | |  0.2
Stealth        | |  1.8

Action                   || total
-------------------------++-------
Melee: Dagger            ||    78
 Cast: Shock             ||    69
  Eat: Ration            ||     1
Armor: Leather armour    ||    18
Dodge: Dodged            ||    68
